[Event "55th Rubinstein Memorial-C 2019"]
[Site "Polanica-Zdroj"]
[Date "2019.08.17"]
[Round "1.22"]
[White "Kosior, Jan"]
[Black "Karnasiewicz, Robert"]
[Result "0-1"]
[ECO "B35"]
[WhiteElo "1442"]
[BlackElo "1803"]
[Annotator "NA"]
[PlyCount "114"]
[EventDate "2019.08.17"]
[EventType "swiss"]
[EventCountry "POL"]
[SourceTitle "playchess.com"]
[Source "ChessBase"]
[SourceQuality "1"]
[TimeControl "40/5400+30:1800+30"]

1. e4 c5 2. Nf3 Nc6 3. d4 cxd4 4. Nxd4 g6 5. Nc3 Bg7 6. Be3 Nf6 7. Bc4 Qa5 8. O-O O-O 9. Nb3 Qc7 10. Bd3 d6 11. Qd2 Ng4 12. Bf4 Be6 13. f3 Nge5 14. Bh6 Bxh6 15. Qxh6 Qb6+ 16. Kh1 Nxd3 17. cxd3 Bxb3 18. axb3 Qxb3 19. Rab1 Nb4 20. f4 f5 21. exf5 Rxf5 22. Qh3 Raf8 23. d4 e5 24. dxe5 dxe5 25. Qe3 b6 26. g3 Nd5 27. Qd3 Nxc3 28. bxc3 Qf7 29. Ra1 exf4 30. Rxf4 Rxf4 31. gxf4 Qb7+ 32. Kg1 Rxf4 33. Qg3 Qf3 34. Qxf3 Rxf3 35. Rxa7 Rxc3 36. Rb7 Rb3 37. Kg2 Rb2+ 38. Kg3 b5 39. h3 b4 40. Kh4 b3 41. Kg5 Rb1 42. Kf6 Rf1+ 43. Kg5 Rf3 44. Kg4 Rc3 45. Kh4 Kf8 46. Kg4 h6 47. h4 Ke8 48. Kf4 Kd8 49. Rb6 g5+ 50. hxg5 hxg5+ 51. Kxg5 Kc7 52. Rb4 Kc6 53. Kf5 Kc5 54. Rb8 Kd4 55. Rb4+ Kd3 56. Ke5 Kc2 57. Kd4 Rc8 0-1

[Event "55th Rubinstein Memorial-C 2019"]
[Site "Polanica-Zdroj"]
[Date "2019.08.17"]
[Round "1.23"]
[White "Kroliczek, Gabriela"]
[Black "Maslanka, Andrzej"]
[Result "1-0"]
[ECO "C50"]
[WhiteElo "1787"]
[BlackElo "1440"]
[Annotator "NA"]
[PlyCount "95"]
[EventDate "2019.08.17"]
[EventType "swiss"]
[EventCountry "POL"]
[SourceTitle "playchess.com"]
[Source "ChessBase"]
[SourceQuality "1"]
[TimeControl "40/5400+30:1800+30"]

1. e4 e5 2. Nf3 Nc6 3. Bc4 Bc5 4. O-O d6 5. h3 Nf6 6. Re1 O-O 7. c3 Be6 8. Bxe6 fxe6 9. d4 exd4 10. cxd4 Bb6 11. Nc3 e5 12. Be3 exd4 13. Nxd4 Nxd4 14. Bxd4 Qd7 15. Rc1 Rae8 16. f3 Nh5 17. Bxb6 axb6 18. Nd5 Rc8 19. Qb3 Kh8 20. e5 dxe5 21. Rxe5 Nf4 22. Rce1 Nxd5 23. Rxd5 Qf7 24. Qd3 c6 25. Rd7 Qxa2 26. Qd4 Rg8 27. Qxb6 Qa6 28. Qxb7 Qxb7 29. Rxb7 Rge8 30. Rxe8+ Rxe8 31. Rc7 h6 32. Rxc6 Re2 33. b4 Rb2 34. Rc4 Kh7 35. Kh2 Kg6 36. h4 Kf5 37. Re4 Kf6 38. Kh3 Rb3 39. Kg4 Kg6 40. h5+ Kh7 41. Kf5 Rb2 42. g4 Rb3 43. f4 Rd3 44. b5 Rd6 45. Rb4 Rb6 46. Ke5 g6 47. hxg6+ Rxg6 48. b6 1-0

[Event "55th Rubinstein Memorial-C 2019"]
[Site "Polanica-Zdroj"]
[Date "2019.08.17"]
[Round "1.24"]
[White "Werner, Kacper"]
[Black "Burdzicki, Stanislaw"]
[Result "0-1"]
[ECO "B44"]
[WhiteElo "1435"]
[BlackElo "1785"]
[Annotator "NA"]
[PlyCount "130"]
[EventDate "2019.08.17"]
[EventType "swiss"]
[EventCountry "POL"]
[SourceTitle "playchess.com"]
[Source "ChessBase"]
[SourceQuality "1"]
[TimeControl "40/5400+30:1800+30"]

1. e4 c5 2. Nf3 e6 3. d4 cxd4 4. Nxd4 Nc6 5. Be3 Nf6 6. Bd3 Qc7 7. O-O Ne5 8. Nc3 Neg4 9. Nf3 Nxe3 10. fxe3 Bc5 11. Qc1 a6 12. Qd2 b5 13. h3 d6 14. Qf2 Bb7 15. Nd2 Bb4 16. Ncb1 Bc5 17. Nc3 Bc6 18. Ne2 Qb7 19. Ng3 Qa7 20. Rae1 h5 21. Qf3 Rh6 22. Qe2 g5 23. Nh1 Qe7 24. Nb3 Bb6 25. Nf2 e5 26. Nd2 Bd7 27. Kh2 Rb8 28. Nh1 h4 29. Nf2 Kd8 30. Ng4 Bxg4 31. hxg4 Qe6 32. Rf5 Bxe3 33. Rxf6 Rxf6 34. Qxe3 Qxg4 35. Be2 Qf4+ 36. Qxf4 Rxf4 37. Kh3 Ke7 38. Bg4 Rd8 39. Nf3 f6 40. c3 d5 41. exd5 Rxd5 42. Bc8 Rd8 43. Bg4 Rd3 44. Bc8 Rd8 45. Bg4 a5 46. Bh5 Rd5 47. Kh2 e4 48. Nd4 f5 49. Re2 Kf6 50. Be8 b4 51. Nc6 bxc3 52. bxc3 Rc5 53. Rc2 Rf1 54. Nd4 Rd1 55. Nb3 Rc8 56. Bb5 g4 57. g3 hxg3+ 58. Kxg3 Kg5 59. c4 f4+ 60. Kf2 Rh8 61. Ke2 Rg1 62. Kd2 Rg2+ 63. Kc3 Rxc2+ 64. Kxc2 g3 65. Nd4 g2 0-1

[Event "55th Rubinstein Memorial-C 2019"]
[Site "Polanica-Zdroj"]
[Date "2019.08.17"]
[Round "1.25"]
[White "Jeziorny, Janusz"]
[Black "Zalega, Maciej"]
[Result "0-1"]
[ECO "B88"]
[WhiteElo "1780"]
[BlackElo "1429"]
[Annotator "NA"]
[PlyCount "132"]
[EventDate "2019.08.17"]
[EventType "swiss"]
[EventCountry "POL"]
[SourceTitle "playchess.com"]
[Source "ChessBase"]
[SourceQuality "1"]
[TimeControl "40/5400+30:1800+30"]

1. e4 c5 2. Nf3 d6 3. d4 cxd4 4. Nxd4 Nf6 5. Nc3 Nc6 6. Bc4 e6 7. Bb3 Be7 8. Be3 a6 9. O-O Nxd4 10. Bxd4 b5 11. a3 Bb7 12. Qd3 O-O 13. Rae1 Nd7 14. Qg3 g6 15. Rd1 Rc8 16. f4 Bf6 17. f5 Bxd4+ 18. Rxd4 Qb6 19. Qf2 Nc5 20. Rfd1 Nxb3 21. cxb3 Rfd8 22. e5 d5 23. f6 h5 24. g4 Kh7 25. R1d3 g5 26. gxh5 a5 27. Rg4 Qxf2+ 28. Kxf2 Kh6 29. Nxb5 Ba6 30. a4 Rc2+ 31. Kg3 Rxb2 32. Rc3 Bxb5 33. axb5 Rb8 34. h4 gxh4+ 35. Kxh4 Rxb5 36. Rg8 Rb4+ 37. Rg4 Rh2+ 38. Kg3 Rxg4+ 39. Kxg4 Rxh5 40. Rc8 Rxe5 41. Rc5 Re4+ 42. Kf3 Rb4 43. Rxa5 Rxb3+ 44. Kf4 Kg6 45. Ra1 Kxf6 46. Rd1 e5+ 47. Kg4 d4 48. Rd2 Re3 49. Ra2 Ke6 50. Ra6+ Kd5 51. Ra7 Re4+ 52. Kf3 Rf4+ 53. Ke2 Ke4 54. Ra4 f5 55. Rb4 Rh4 56. Ra4 Rh2+ 57. Kf1 f4 58. Rb4 Ke3 59. Kg1 Ra2 60. Rb5 e4 61. Rb1 d3 62. Re1+ Kf3 63. Rf1+ Kg3 64. Kh1 f3 65. Rg1+ Kh3 66. Rd1 Rh2+ {[%emt 0:00:04] Re1} 0-1

[Event "55th Rubinstein Memorial-C 2019"]
[Site "Polanica-Zdroj"]
[Date "2019.08.17"]
[Round "1.26"]
[White "Nowakowski, Michal"]
[Black "Ciechonski, Piotr"]
[Result "1-0"]
[ECO "B50"]
[WhiteElo "1420"]
[BlackElo "1767"]
[Annotator "NA"]
[PlyCount "131"]
[EventDate "2019.08.17"]
[EventType "swiss"]
[EventCountry "POL"]
[SourceTitle "playchess.com"]
[Source "ChessBase"]
[SourceQuality "1"]
[TimeControl "40/5400+30:1800+30"]

1. e4 c5 2. Nf3 d6 3. Nc3 Nc6 4. d3 Nf6 5. Be2 g6 6. O-O Bg7 7. h3 O-O 8. Nh2 Nd4 9. f4 b5 10. Bf3 Bb7 11. Ne2 Nxf3+ 12. Nxf3 a5 13. Ng3 Qb6 14. f5 a4 15. Kh2 b4 16. Be3 Nd7 17. Rb1 Qc7 18. Qd2 a3 19. b3 d5 20. Kg1 dxe4 21. dxe4 Rad8 22. Qf2 c4 23. Rbd1 Nf6 24. Bb6 Qc8 25. Rxd8 Rxd8 26. Bxd8 Qxd8 27. e5 Ne8 28. Qc5 cxb3 29. cxb3 Ba6 30. Rf2 e6 31. fxg6 hxg6 32. Qxb4 Bh6 33. Qe1 Qb6 34. Kh2 Bd3 35. Nd2 Qb4 36. Nf3 Qb6 37. Nf1 Ng7 38. g4 Bf4+ 39. Kg2 g5 40. Qc3 Ba6 41. Qd4 Qxd4 42. Nxd4 Bxe5 43. Nc2 Bb7+ 44. Kg1 Bb2 45. Nd2 Ba6 46. Nb1 Bd3 47. Nbxa3 f5 48. b4 f4 49. Rd2 Be4 50. b5 e5 51. Nc4 Bc3 52. Re2 Bd3 53. b6 Bxc4 54. b7 Bxe2 55. b8=Q+ Kh7 56. Qc7 Bb2 57. a4 e4 58. a5 f3 59. Kf2 Bc1 60. Ne3 Bd3 61. Qxc1 Ne6 62. Qc8 Nf4 63. Qd7+ Kh8 64. Nf5 Nxh3+ 65. Ke3 f2 66. Qg7# 1-0

[Event "55th Rubinstein Memorial-C 2019"]
[Site "Polanica-Zdroj"]
[Date "2019.08.17"]
[Round "1.27"]
[White "Ziemski, Przemyslaw"]
[Black "Rzenca, Jerzy"]
[Result "0-1"]
[ECO "B13"]
[WhiteElo "1759"]
[BlackElo "1419"]
[Annotator "NA"]
[PlyCount "72"]
[EventDate "2019.08.17"]
[EventType "swiss"]
[EventCountry "POL"]
[SourceTitle "playchess.com"]
[Source "ChessBase"]
[SourceQuality "1"]
[TimeControl "40/5400+30:1800+30"]

1. e4 c6 2. d4 d5 3. exd5 cxd5 4. Bf4 Nc6 5. Nc3 a6 6. Nf3 Bg4 7. Be2 Nf6 8. O-O e6 9. Ne5 Bxe2 10. Nxe2 Be7 11. c3 O-O 12. Ng3 Nxe5 13. dxe5 Nd7 14. Qg4 Kh8 15. Rae1 Rg8 16. Bc1 b5 17. f4 g6 18. Kh1 Rb8 19. a3 a5 20. Ne2 b4 21. axb4 axb4 22. Nd4 Rc8 23. Re3 bxc3 24. bxc3 Nc5 25. Ba3 Ne4 26. Bxe7 Qxe7 27. Ne2 Qc5 28. Rxe4 dxe4 29. Qg5 Qf8 30. Ng3 e3 31. Ne4 Qd8 32. Nf6 Rg7 33. Qg3 Rxc3 34. Qf3 Rg8 35. Qh3 h5 36. Nxg8 e2 0-1

[Event "55th Rubinstein Memorial-C 2019"]
[Site "Polanica-Zdroj"]
[Date "2019.08.17"]
[Round "1.28"]
[White "Liskiewicz, Jakub"]
[Black "Szydelko, Michal"]
[Result "0-1"]
[ECO "D58"]
[WhiteElo "1417"]
[BlackElo "1752"]
[Annotator "NA"]
[PlyCount "111"]
[EventDate "2019.08.17"]
[EventType "swiss"]
[EventCountry "POL"]
[SourceTitle "playchess.com"]
[Source "ChessBase"]
[SourceQuality "1"]
[TimeControl "40/5400+30:1800+30"]

1. d4 d5 2. c4 e6 3. Nc3 Nf6 4. Bg5 Be7 5. Nf3 h6 6. Bh4 O-O 7. e3 b6 8. cxd5 exd5 9. Be2 Bb7 10. O-O Nbd7 11. Rc1 c5 12. dxc5 bxc5 13. Qc2 Rc8 14. Rfd1 Qb6 15. Bg3 Rfd8 16. Nd2 Qe6 17. Bf3 Ne5 18. Bxe5 Qxe5 19. Nb3 Ba6 20. Re1 h5 21. Rcd1 h4 22. Rd2 d4 23. Nd1 Bd6 24. g3 hxg3 25. hxg3 d3 26. Qc3 Qg5 27. Kg2 Ng4 28. Qa5 Bc4 29. Qa4 Be6 30. Nc3 Nxf2 31. Qh4 Nh3 32. Ne4 Qxh4 33. gxh4 Be7 34. Kg3 f5 35. Nc3 g5 36. Bg2 f4+ 37. Kh2 g4 38. Bxh3 gxh3 39. exf4 Kf7 40. f5 Bxf5 41. Rf2 Bd6+ 42. Kg1 Rg8+ 43. Kh1 Kg6 44. Rg1+ Kf6 45. Ne4+ Ke5 46. Rxf5+ Kxe4 47. Rgf1 Rg2 48. Nd2+ Rxd2 49. Rg5 Rh2+ 50. Kg1 Rg2+ 51. Rxg2 hxg2 52. Kxg2 Rg8+ 53. Kf2 Rf8+ 54. Kg1 Rxf1+ 55. Kxf1 Bg3 56. h5 0-1

[Event "55th Rubinstein Memorial-C 2019"]
[Site "Polanica-Zdroj"]
[Date "2019.08.17"]
[Round "1.29"]
[White "Gajzner, Ryszard"]
[Black "Jedrzejczak, Lukasz"]
[Result "1/2-1/2"]
[ECO "A30"]
[WhiteElo "1740"]
[BlackElo "1412"]
[Annotator "NA"]
[PlyCount "65"]
[EventDate "2019.08.17"]
[EventType "swiss"]
[EventCountry "POL"]
[SourceTitle "playchess.com"]
[Source "ChessBase"]
[SourceQuality "1"]
[TimeControl "40/5400+30:1800+30"]

1. Nf3 Nf6 2. c4 e6 3. g3 b6 4. Bg2 Bb7 5. O-O c5 6. Nc3 Be7 7. b3 O-O 8. Bb2 d5 9. Ne5 Nbd7 10. f4 Qc8 11. e3 dxc4 12. bxc4 Bxg2 13. Kxg2 Nxe5 14. fxe5 Nd7 15. Ne4 Qc6 16. Qf3 Kh8 17. Kg1 Rad8 18. Rf2 Qa4 19. d3 Nb8 20. Rd2 Nc6 21. Nc3 Nxe5 22. Qe4 Qa5 23. Rf2 Nxd3 24. Raf1 Nxf2 25. Rxf2 Bf6 26. Rxf6 gxf6 27. Qf4 Kg7 28. Qg4+ Kh8 29. Qf4 Kg7 30. Qg4+ Kh8 31. Ne2 Qe1+ 32. Kg2 e5 33. Qf3 1/2-1/2

[Event "55th Rubinstein Memorial-C 2019"]
[Site "Polanica-Zdroj"]
[Date "2019.08.17"]
[Round "1.30"]
[White "Mrozek, Zofia"]
[Black "Zgoda, Damian"]
[Result "0-1"]
[ECO "B06"]
[WhiteElo "1399"]
[BlackElo "1725"]
[Annotator "NA"]
[PlyCount "74"]
[EventDate "2019.08.17"]
[EventType "swiss"]
[EventCountry "POL"]
[SourceTitle "playchess.com"]
[Source "ChessBase"]
[SourceQuality "1"]
[TimeControl "40/5400+30:1800+30"]

1. e4 g6 2. d4 Bg7 3. Nf3 d6 4. h3 a6 5. Bc4 b5 6. Bd3 Bb7 7. Be3 Nd7 8. O-O Ngf6 9. Nbd2 O-O 10. Qe2 c5 11. c3 Rc8 12. Rac1 h6 13. Bb1 Nb6 14. Rfd1 Qc7 15. Bf4 Nh5 16. Be3 Nf6 17. Bf4 e5 18. dxe5 Nh5 19. Be3 dxe5 20. Nb3 Nf4 21. Qe1 Na4 22. Rd2 c4 23. Bxf4 exf4 24. Nbd4 Nc5 25. Rcd1 Rcd8 26. Re2 Rfe8 27. Rdd2 Rd7 28. Rd1 Rde7 29. Nd2 Nd3 30. Qf1 Nxb2 31. Rc1 Na4 32. N2f3 Bxe4 33. Bxe4 Rxe4 34. Rd2 Nc5 35. Rcd1 Nd3 36. Rb1 Bxd4 37. Nxd4 Re1 0-1

[Event "55th Rubinstein Memorial-C 2019"]
[Site "Polanica-Zdroj"]
[Date "2019.08.17"]
[Round "1.31"]
[White "Gromada, Andrzej"]
[Black "Bochenek, Ryszard"]
[Result "1-0"]
[ECO "A05"]
[WhiteElo "1721"]
[BlackElo "1393"]
[Annotator "NA"]
[PlyCount "39"]
[EventDate "2019.08.17"]
[EventType "swiss"]
[EventCountry "POL"]
[SourceTitle "playchess.com"]
[Source "ChessBase"]
[SourceQuality "1"]
[TimeControl "40/5400+30:1800+30"]

1. Nf3 Nf6 2. c4 g6 3. Nc3 Bg7 4. e4 d6 5. d4 Nbd7 6. Be2 O-O 7. O-O e5 8. d5 Nc5 9. Nd2 Bh6 10. Qc2 a5 11. a3 Bd7 12. Bf3 a4 13. b4 Bxd2 14. Bxd2 Nb3 15. Rab1 Nd4 16. Qd3 Qc8 17. Bd1 b5 18. c5 c6 19. Bg5 Qd8 20. f4 1-0

[Event "55th Rubinstein Memorial-C 2019"]
[Site "Polanica-Zdroj"]
[Date "2019.08.18"]
[Round "2.1"]
[White "Pisarek, Elzbieta"]
[Black "Majek, Kacper"]
[Result "0-1"]
[ECO "C47"]
[WhiteElo "1581"]
[BlackElo "1984"]
[Annotator "NA"]
[PlyCount "85"]
[EventDate "2019.08.17"]
[EventType "swiss"]
[EventCountry "POL"]
[SourceTitle "playchess.com"]
[Source "ChessBase"]
[SourceQuality "1"]
[TimeControl "40/5400+30:1800+30"]

1. e4 e5 2. Nf3 Nc6 3. Nc3 Nf6 4. d4 exd4 5. Nxd4 Bb4 6. Nxc6 bxc6 7. Bd3 d5 8. exd5 O-O 9. O-O cxd5 10. h3 c6 11. Qf3 Bd6 12. Bf4 Rb8 13. b3 Be6 14. Ne2 c5 15. Rad1 a5 16. a4 d4 17. Bxd6 Qxd6 18. Nf4 Bd7 19. Rfe1 Bc6 20. Qg3 Rbd8 21. Ne2 Qd5 22. Nf4 Qd7 23. Re5 g6 24. Rxc5 Rfe8 25. Rxa5 Qd6 26. Ra6 Qc5 27. Rc1 Qa3 28. Rd1 Ne4 29. Bxe4 Bxe4 30. Nd3 Qa2 31. Rc1 Rc8 32. Ne1 Rc3 33. Qd6 d3 34. Qd4 Qb2 35. Qe3 dxc2 36. Qd2 Qxb3 37. a5 Rcc8 38. Rb6 Qa3 39. Nxc2 Qa2 40. a6 Rxc2 41. Rxc2 Bxc2 42. Qd7 Re1+ 43. Kh2 0-1

[Event "55th Rubinstein Memorial-C 2019"]
[Site "Polanica-Zdroj"]
[Date "2019.08.18"]
[Round "2.2"]
[White "Grossmann, Ryszard"]
[Black "Wilgosz, Jan"]
[Result "1-0"]
[ECO "A25"]
[WhiteElo "1975"]
[BlackElo "1569"]
[Annotator "NA"]
[PlyCount "59"]
[EventDate "2019.08.17"]
[EventType "swiss"]
[EventCountry "POL"]
[SourceTitle "playchess.com"]
[Source "ChessBase"]
[SourceQuality "1"]
[TimeControl "40/5400+30:1800+30"]

1. c4 e5 2. Nc3 Nc6 3. g3 f5 4. d3 Nf6 5. Bg2 Bb4 6. Bd2 O-O 7. e3 Bxc3 8. Bxc3 d6 9. Ne2 Qe8 10. Qc2 a5 11. a3 Kh8 12. Bd2 f4 13. gxf4 exf4 14. Nxf4 Ng4 15. Be4 Bf5 16. Bc3 Nce5 17. O-O-O Bxe4 18. dxe4 Qc6 19. h3 Nf6 20. Nd5 Qxc4 21. f4 Ned7 22. Rhg1 b5 23. Rg2 b4 24. Bxf6 Qxc2+ 25. Rxc2 Nxf6 26. Nxc7 Rac8 27. axb4 axb4 28. Rd4 Rf7 29. Nb5 Re8 30. Nxd6 1-0

[Event "55th Rubinstein Memorial-C 2019"]
[Site "Polanica-Zdroj"]
[Date "2019.08.18"]
[Round "2.3"]
[White "Mulawa, Cyprian"]
[Black "Talik, Patryk"]
[Result "0-1"]
[ECO "C00"]
[WhiteElo "1578"]
[BlackElo "1975"]
[Annotator "NA"]
[PlyCount "98"]
[EventDate "2019.08.17"]
[EventType "swiss"]
[EventCountry "POL"]
[SourceTitle "playchess.com"]
[Source "ChessBase"]
[SourceQuality "1"]
[TimeControl "40/5400+30:1800+30"]

1. e4 e6 2. d4 d5 3. Bd3 Nf6 4. e5 Nfd7 5. f4 c5 6. c3 Nc6 7. Nf3 cxd4 8. cxd4 Qb6 9. Bc2 Nb4 10. O-O Nxc2 11. Qxc2 Nb8 12. Be3 Bd7 13. Nc3 Nc6 14. Rad1 Rc8 15. Qf2 Ne7 16. g4 h5 17. h3 hxg4 18. hxg4 g6 19. Nh4 Kd8 20. Rc1 Rc7 21. Nf3 Be8 22. Ng5 Kc8 23. a4 a6 24. Na2 Nc6 25. Rfd1 Be7 26. Rc3 Na5 27. Rxc7+ Kxc7 28. Rc1+ Kb8 29. Qc2 Nc4 30. Bf2 Qxb2 31. Qxb2 Nxb2 32. Rc3 Nxa4 33. Rb3 Ka7 34. Be1 Nb6 35. Ba5 Nc4 36. Bb4 Bxb4 37. Nxb4 Rh4 38. Rg3 a5 39. Nd3 b5 40. Nc5 b4 41. Ngxe6 fxe6 42. Nxe6 a4 43. Nc5 a3 44. e6 a2 45. Nb3 Nd2 46. Na1 b3 47. f5 Rxg4 48. Rxg4 b2 49. fxg6 bxa1=Q+ 0-1

[Event "55th Rubinstein Memorial-C 2019"]
[Site "Polanica-Zdroj"]
[Date "2019.08.18"]
[Round "2.4"]
[White "Wziatek, Marek"]
[Black "Szczesniak, Andrzej"]
[Result "0-1"]
[ECO "A21"]
[WhiteElo "1568"]
[BlackElo "1954"]
[Annotator "NA"]
[PlyCount "68"]
[EventDate "2019.08.17"]
[EventType "swiss"]
[EventCountry "POL"]
[SourceTitle "playchess.com"]
[Source "ChessBase"]
[SourceQuality "1"]
[TimeControl "40/5400+30:1800+30"]

1. c4 e5 2. Nc3 Bb4 3. Nd5 Bc5 4. e3 Nf6 5. b4 Be7 6. Rb1 c6 7. Nxe7 Qxe7 8. d4 d6 9. dxe5 dxe5 10. Qc2 O-O 11. f3 a5 12. a3 axb4 13. axb4 Rd8 14. Ne2 Na6 15. Bd2 e4 16. Ng3 exf3 17. gxf3 c5 18. bxc5 Nxc5 19. Kf2 Re8 20. Be2 Bh3 21. Rhe1 h5 22. Bf1 Bd7 23. Bc3 h4 24. Nf5 Nfe4+ 25. fxe4 Nxe4+ 26. Kg1 Bxf5 27. Bb4 Qe6 28. Rb2 h3 29. Bd3 Rad8 30. Rb3 Qg6+ 31. Kf1 Rxd3 32. Rxd3 Ng3+ 33. Kf2 Bxd3 34. Qa4 Ne4+ 0-1

[Event "55th Rubinstein Memorial-C 2019"]
[Site "Polanica-Zdroj"]
[Date "2019.08.18"]
[Round "2.5"]
[White "Kucharski, Daniel"]
[Black "Kardys, Zbigniew"]
[Result "0-1"]
[ECO "A04"]
[WhiteElo "1567"]
[BlackElo "1949"]
[Annotator "NA"]
[PlyCount "80"]
[EventDate "2019.08.17"]
[EventType "swiss"]
[EventCountry "POL"]
[SourceTitle "playchess.com"]
[Source "ChessBase"]
[SourceQuality "1"]
[TimeControl "40/5400+30:1800+30"]

1. Nf3 c5 2. g3 b6 3. Bg2 Bb7 4. d4 cxd4 5. Qxd4 Nc6 6. Qa4 Nf6 7. O-O e6 8. Rd1 Qc8 9. Nc3 a6 10. Bg5 b5 11. Qf4 Qb8 12. Bxf6 Qxf4 13. gxf4 gxf6 14. Ne4 Be7 15. Nd6+ Bxd6 16. Rxd6 Rg8 17. Kf1 O-O-O 18. c3 Kc7 19. Rad1 Ne7 20. R6d2 d5 21. Ra1 Nf5 22. a4 Rg4 23. e3 d4 24. Bh3 Bxf3 25. Bxg4 Bxg4 26. cxd4 Kb6 27. axb5 axb5 28. Rc2 Bf3 29. b4 Ne7 30. Rc5 Nc6 31. h3 Rg8 32. Rac1 Rg6 33. f5 Rh6 34. fxe6 fxe6 35. Ke1 Rxh3 36. Kd2 Rh2 37. e4 Bxe4 38. Ke3 Bd5 39. f4 Rh3+ 40. Ke2 Nxd4+ 0-1

[Event "55th Rubinstein Memorial-C 2019"]
[Site "Polanica-Zdroj"]
[Date "2019.08.18"]
[Round "2.6"]
[White "Simon, Marek"]
[Black "Kozlowski, Andrzej"]
[Result "0-1"]
[ECO "A90"]
[WhiteElo "1879"]
[BlackElo "1566"]
[Annotator "NA"]
[PlyCount "68"]
[EventDate "2019.08.17"]
[EventType "swiss"]
[EventCountry "POL"]
[SourceTitle "playchess.com"]
[Source "ChessBase"]
[SourceQuality "1"]
[TimeControl "40/5400+30:1800+30"]

1. d4 e6 2. c4 f5 3. g3 Nf6 4. Bg2 Bb4+ 5. Bd2 Bxd2+ 6. Qxd2 O-O 7. Nc3 d5 8. Nf3 Nbd7 9. O-O dxc4 10. e3 Rb8 11. a4 a6 12. Qe2 b5 13. axb5 axb5 14. Ng5 Qe7 15. Bc6 h6 16. Nf3 b4 17. Na4 Ba6 18. Nd2 Nb6 19. Nc5 Bc8 20. Nxc4 Nbd7 21. Na6 Bxa6 22. Rxa6 e5 23. dxe5 Nxe5 24. Nxe5 Qxe5 25. Qc4+ Kh8 26. b3 Rfd8 27. Rfa1 Qb2 28. Ra8 Rxa8 29. Rxa8 Rxa8 30. Bxa8 Qa1+ 31. Kg2 Qxa8+ 32. f3 Ng4 33. Kh3 Qxf3 34. Qc2 Nf2+ 0-1

[Event "55th Rubinstein Memorial-C 2019"]
[Site "Polanica-Zdroj"]
[Date "2019.08.18"]
[Round "2.7"]
[White "Halhoul, Adam"]
[Black "Sroka, Janusz"]
[Result "0-1"]
[ECO "A53"]
[WhiteElo "1563"]
[BlackElo "1875"]
[Annotator "NA"]
[PlyCount "84"]
[EventDate "2019.08.17"]
[EventType "swiss"]
[EventCountry "POL"]
[SourceTitle "playchess.com"]
[Source "ChessBase"]
[SourceQuality "1"]
[TimeControl "40/5400+30:1800+30"]

1. d4 Nf6 2. c4 d6 3. Nc3 Nbd7 4. e4 e5 5. Nf3 Be7 6. Be2 O-O 7. O-O Re8 8. Re1 h6 9. Bf1 Bf8 10. d5 g6 11. Bd2 Bg7 12. b4 Rf8 13. Qc2 Nh5 14. g3 a6 15. Na4 f5 16. Nh4 Qf6 17. c5 f4 18. Bc3 b5 19. Nb2 Rf7 20. a4 bxa4 21. Rxa4 Kh7 22. Nd3 Qe7 23. Bh3 fxg3 24. hxg3 Nxc5 25. Nf5 gxf5 26. bxc5 f4 27. Bxc8 Rxc8 28. Qe2 Qg5 29. Bd2 Qg6 30. f3 fxg3 31. Rc1 Rcf8 32. Ne1 Bf6 33. cxd6 cxd6 34. Rxa6 Bg5 35. Rcc6 Rf6 36. Bb4 Nf4 37. Qb5 Qh5 38. Rc2 Nh3+ 39. Kf1 Rxf3+ 40. Nxf3 Qxf3+ 41. Ke1 Qh1+ 42. Ke2 Qf1# {Ke1} 0-1

[Event "55th Rubinstein Memorial-C 2019"]
[Site "Polanica-Zdroj"]
[Date "2019.08.18"]
[Round "2.8"]
[White "Obrochta, Lena"]
[Black "Lewandowski, Witold"]
[Result "1-0"]
[ECO "B34"]
[WhiteElo "1870"]
[BlackElo "1542"]
[Annotator "NA"]
[PlyCount "106"]
[EventDate "2019.08.17"]
[EventType "swiss"]
[EventCountry "POL"]
[SourceTitle "playchess.com"]
[Source "ChessBase"]
[SourceQuality "1"]
[TimeControl "40/5400+30:1800+30"]

1. e4 c5 2. Nf3 Nc6 3. d4 cxd4 4. Nxd4 g6 5. Nc3 Bg7 6. Be3 Nf6 7. Be2 O-O 8. O-O d5 9. exd5 Nxd5 10. Nxd5 Qxd5 11. Bf3 Qa5 12. Nxc6 bxc6 13. c3 Rb8 14. Qc1 c5 15. Rd1 Be6 16. a3 c4 17. Qd2 a6 18. Ba7 Rbd8 19. Qe2 Rxd1+ 20. Rxd1 Rd8 21. h3 Rxd1+ 22. Qxd1 Qc7 23. Be3 Qd7 24. Qxd7 Bxd7 25. Bd5 Bb5 26. a4 Bxa4 27. Bxc4 Bb5 28. Ba2 Kf8 29. Bd2 Ke8 30. c4 Bc6 31. b4 Bd4 32. Bb1 e5 33. Kf1 e4 34. Ke2 Ke7 35. Be3 Bc3 36. Bc5+ Ke6 37. Ke3 Ke5 38. Bf8 Bd4+ 39. Ke2 Ke6 40. g4 f5 41. Bh6 Bc3 42. Bf8 f4 43. Bc2 Bd4 44. Bh6 f3+ 45. Kf1 Bf6 46. Be3 Bc3 47. Bc5 Ke5 48. Bb3 Bd4 49. Bf8 Kf6 50. h4 e3 51. fxe3 Bxe3 52. Bc2 Bd7 53. g5+ Ke5 1-0

[Event "55th Rubinstein Memorial-C 2019"]
[Site "Polanica-Zdroj"]
[Date "2019.08.18"]
[Round "2.9"]
[White "Kaliszuk, Kamil"]
[Black "Kazmierowski, Tymon"]
[Result "1-0"]
[ECO "A35"]
[WhiteElo "1853"]
[BlackElo "1532"]
[Annotator "NA"]
[PlyCount "97"]
[EventDate "2019.08.17"]
[EventType "swiss"]
[EventCountry "POL"]
[SourceTitle "playchess.com"]
[Source "ChessBase"]
[SourceQuality "1"]
[TimeControl "40/5400+30:1800+30"]

1. c4 c5 2. Nc3 Nc6 3. Nf3 g6 4. e4 Bg7 5. Be2 e6 6. O-O Nge7 7. d3 O-O 8. Be3 b6 9. d4 cxd4 10. Nxd4 Bb7 11. Qd2 a6 12. Rad1 Qc7 13. Nb3 Rfd8 14. f4 d6 15. Qe1 f5 16. Qf2 Rf8 17. Bxb6 Qb8 18. exf5 Nxf5 19. g4 Nfe7 20. Qe3 e5 21. Qd2 exf4 22. Rxf4 Rxf4 23. Qxf4 Be5 24. Qf2 Qe8 25. Rf1 Bc8 26. Ne4 Be6 27. Nf6+ Bxf6 28. Qxf6 Bf7 29. Nd2 Nc8 30. Bf3 Nxb6 31. Bxc6 Qe6 32. Qxe6 Bxe6 33. Bxa8 Nxa8 34. Rf6 Nc7 35. h3 Kg7 36. Rf3 d5 37. b3 Kh6 38. Kf2 Kg5 39. Ke3 Kh4 40. Kd4 dxc4 41. bxc4 h5 42. gxh5 gxh5 43. Kc5 Bxh3 44. Kb6 Bg2 45. Rf2 Kg3 46. Re2 h4 47. Ne4+ Kf3 48. Rf2+ Kxe4 49. Rxg2 {[%emt 0:00:01] Kd5} 1-0

[Event "55th Rubinstein Memorial-C 2019"]
[Site "Polanica-Zdroj"]
[Date "2019.08.18"]
[Round "2.10"]
[White "Kaminski, Mateusz"]
[Black "Koscielny, Edmond"]
[Result "0-1"]
[ECO "B08"]
[WhiteElo "1544"]
[BlackElo "1841"]
[Annotator "NA"]
[PlyCount "146"]
[EventDate "2019.08.17"]
[EventType "swiss"]
[EventCountry "POL"]
[SourceTitle "playchess.com"]
[Source "ChessBase"]
[SourceQuality "1"]
[TimeControl "40/5400+30:1800+30"]

1. e4 d6 2. d4 Nf6 3. Nc3 g6 4. Nf3 Bg7 5. Bc4 O-O 6. O-O c6 7. Bb3 Bg4 8. Be3 Qc7 9. h3 Bxf3 10. Qxf3 Nbd7 11. Qe2 e5 12. dxe5 dxe5 13. Rad1 b5 14. f3 a5 15. a4 b4 16. Nb1 Rfd8 17. Nd2 Nb6 18. Nc4 Nxc4 19. Qxc4 Nh5 20. Rd5 Nf4 21. Rb5 Ne6 22. Rb6 Rdc8 23. Rc1 Nd4 24. Ra6 Rxa6 25. Qxa6 c5 26. Qc4 Bf8 27. Rd1 Kg7 28. Bf2 Rd8 29. Rd3 Bd6 30. g3 Qe7 31. Kg2 Rf8 32. c3 Nxb3 33. Qxb3 f5 34. Qc4 fxe4 35. Qxe4 bxc3 36. bxc3 Rf6 37. Rd2 Qf8 38. Rb2 Rf7 39. Rb5 Qd8 40. Qd5 Qf6 41. Bxc5 Bxc5 42. Rxc5 Re7 43. Rc4 Qf5 44. Re4 h5 45. Qxa5 h4 46. Qc5 Kf7 47. Qd5+ Kf6 48. g4 Qc8 49. c4 Qa6 50. Qb5 Qd6 51. c5 Qd2+ 52. Re2 Qf4 53. Qb6+ Kg5 54. Qd8 Kf6 55. Qh8+ Kg5 56. Qd8 Qg3+ 57. Kf1 Qxf3+ 58. Rf2 Qxh3+ 59. Kg1 Qg3+ 60. Kf1 Qh3+ 61. Ke1 Qe3+ 62. Kf1 Qh3+ 63. Kg1 Qg3+ 64. Rg2 Qe3+ 65. Kh2 Qxc5 66. Qd2+ Kf6 67. Rf2+ Kg7 68. Kh3 e4 69. Qb2+ Kh7 70. Kxh4 Qe3 71. Rf8 g5+ 72. Kh5 Qh3+ 73. Kxg5 Qh6+ {[%emt 0:00:04] Kh4 Qe3} 0-1